 Dungeon Crawl Stone Soup version 0.17.1-3-g152610e (webtiles) character file.

226 Grim the Skirmisher (level 6, -5/66 HPs)
             Began as an Ogre Hunter on Mar 2, 2016.
             Killed from afar by an orc wizard (12 damage)
             ... with a magic dart
             ... on level 3 of the Dungeon.
             The game lasted 00:06:03 (4269 turns).

Grim the Skirmisher (Ogre Hunter)                   Turns: 4269, Time: 00:06:03

Health: -5/66      AC:  3    Str: 18    XL:     6   Next: 1%
Magic:  6/6        EV: 10    Int: 10    God:
Gold:   107        SH:  0    Dex: 12    Spells: 0 memorised, 5 levels left

rFire  . . .     SeeInvis .     q - +0 mace
rCold  . . .     Clarity  .     b - +0 robe
rNeg   . . .     SustAt   .     (no shield)
rPois  .         Gourm    .     (helmet restricted)
rElec  .         Spirit   .     (no cloak)
rCorr  .         Warding  .     (gloves unavailable)
rMut   .         Stasis   .     (boots unavailable)
MR     .....                    (no amulet)
Stlth  +.........               (no ring)
                                (no ring)

@: slowed, very slow, not resistant to hostile enchantments, very unstealthy
A: unfitting armour, tough skin 1
a: no special abilities


You were on level 3 of the Dungeon.
You were not hungry.

You visited 1 branch of the dungeon, and saw 3 of its levels.

You collected 107 gold pieces.

Inventory:

Hand Weapons
 q - a +0 mace (weapon)
Missiles
 d - a throwing net
 u - a large rock (quivered)
Armour
 b - a +0 robe (worn)
 j - a cursed -2 cloak
Scrolls
 a - a scroll of enchant armour {unknown}
 f - a scroll of identify {unknown}
 k - a scroll of random uselessness {unknown}
 n - a scroll of amnesia {unknown}
 s - a scroll of noise {unknown}
Potions
 c - a potion of curing {unknown}
 g - a potion of brilliance {unknown}
 h - 2 potions of heal wounds
 l - a potion of degeneration {unknown}
 o - a potion of invisibility {unknown}
 p - 2 potions of lignification {unknown}
Comestibles
 e - 4 bread rations
 i - a royal jelly
 m - a meat ration
 r - a beef jerky
 t - a chunk of flesh


   Skills:
 * Level 5.5 Fighting
 * Level 4.4 Maces & Flails
 - Level 4.0 Throwing
 + Level 2.7 Dodging
 - Level 0.7 Stealth


You had 5 spell levels left.
You didn't know any spells.

Dungeon Overview and Level Annotations

Branches:
Dungeon (3/15)

Altars:
Cheibriados

Annotations:
D:3 Natasha


Innate Abilities, Weirdness & Mutations

You are too large for most types of armour.
You have tough skin (AC +1).


Message History

Something hits you.
* * * LOW HITPOINT WARNING * * *
Natasha barely misses you.
You miss Natasha.
Natasha is severely wounded.
Something hits you but does no damage. Natasha claws you but does no damage.
Something hits you.
* * * LOW HITPOINT WARNING * * *
You closely miss Natasha.
Natasha is severely wounded.
Natasha mumbles some strange words.
Something hits you.
* * * LOW HITPOINT WARNING * * *
The white imp shouts, "Escape, thou impertinent half-faced hedge-pig!"
Natasha claws you.
* * * LOW HITPOINT WARNING * * *
You hear some strange, mumbled words.
A magic dart appears from out of thin air!
The magic dart hits you!
You die...

....... ###### ....... #....# #.
....... #....# #$ ....... #....#
#.# ....... . #....# #.#
##5...... . #....#
#.#####{g.((... ##..## #.#..5@h#
#..# #...####o.# #..######..##
.## ... # #..........# .# ._.
#### ##....####.## $#
...#####... #.....# #.##
###............
#.....####..#..#####.##.#####.##
#..)..........###....##.####..##
##..#....##.......#.....#....##.


You could see Natasha, a white imp, a shadow imp, an orc and a goblin.

Vanquished Creatures
  An orc priest (D:3)
  Crazy Yiuf (D:3)
  Jessica (D:3)
  Natasha (D:3)
  4 adders
  2 oozes
  3 worms (D:2)
  2 giant cockroaches
  7 hobgoblins
  2 jackals (D:3)
  A quokka (D:3)
  A ball python (D:1)
  12 bats
  2 giant geckos (D:2)
  4 giant newts
  11 goblins
  6 kobolds
  8 rats
69 creatures vanquished.

Notes
Turn   | Place    | Note
--------------------------------------------------------------
     0 | D:1      | Grim the Ogre Hunter began the quest for the Orb.
     0 | D:1      | Reached XP level 1. HP: 22/22 MP: 1/1
   405 | D:1      | Reached XP level 2. HP: 17/31 MP: 2/2
  1186 | D:1      | Reached skill level 1 in Maces & Flails
  1380 | D:1      | Reached XP level 3. HP: 28/39 MP: 3/3
  2607 | D:2      | Reached XP level 4. HP: 28/49 MP: 4/4
  3892 | D:3      | Noticed Crazy Yiuf
  3896 | D:3      | Killed Crazy Yiuf
  3896 | D:3      | Reached XP level 5. HP: 55/55 MP: 5/5
  4083 | D:3      | Found a snail-covered altar of Cheibriados.
  4092 | D:3      | Noticed Natasha
  4098 | D:3      | Killed Natasha
  4098 | D:3      | Reached skill level 5 in Fighting
  4203 | D:3      | Noticed Jessica
  4211 | D:3      | Killed Jessica
  4249 | D:3      | Reached XP level 6. HP: 66/66 MP: 6/6
  4252 | D:3      | Noticed Natasha
  4269 | D:3      | Killed from afar by an orc wizard

Action                   |  1- 3 |  4- 6 || total
-------------------------+-------+-------++-------
Melee: Short sword       |    23 |       ||    23
       Club              |   172 |    68 ||   240
       Mace              |       |    68 ||    68
Throw: Large rock        |    17 |     7 ||    24
       Throwing net      |     1 |     3 ||     4
 Stab: Sleeping          |     2 |       ||     2
  Eat: Chunk             |     5 |     6 ||    11
